AoeStats
← Don Cath!

Black Forest

506509369Analyzed
1v1 RM · 20d ago on Sep 13, 2026· 36m 19s· 2 players
Game mode
Random Map
Map size
Tiny (2 player)
Population
200
Speed
Normal
Resources
Standard
Victory
Conquest
Starting age
Dark Age
Ending age
Imperial Age
RankedLock teamsTeams togetherTeam positionsShared explorationLock speedFull tech treeHidden civsTurbo modeCheats
Victory
Defeat
🇩🇪 Portuguese · Germany
1281
+17
🇧🇷 Tupi · Brazil
1303
-17
Don Cath!
1:48 Loom
11:54 Feudal Age
12:16 Feudal Age
16:29 Castle Age
14:43 Horse Collar
15:51 Double-Bit Axe
21:24 Heavy Plow
23:31 Bow Saw
23:55 Gold Mining
25:58 Wheelbarrow
25:12 Town Watch
28:38 Hand Cart
32:11 Imperial Age
32:11 Ballistics
32:05 Masonry
32:45 Fletching
33:59 Chemistry
33:05 Siege Engineers
33:06 Arquebus
33:26 Conscription
34:38 Crop Rotation
35:12 Two-Man Saw
GAX | Braant1
1:07 Loom
10:02 Feudal Age
10:57 Double-Bit Axe
11:13 Champi Runner
23:19 Castle Age
21:37 Gold Mining
22:49 Wheelbarrow
22:23 Horse Collar
22:46 Town Watch
24:32 Bow Saw
25:20 Gold Shaft Mining
25:18 Redemption
26:50 Sanctity
27:30 Devotion
32:45 Imperial Age
30:26 Fletching
30:20 Pikeman
31:54 Ballistics
31:50 Scale Mail Armor
32:00 Forging
32:02 Squires
33:17 Heavy Plow
34:42 Chemistry
Connection lost

Rejoining the realm…

Still unreachable

The connection could not be restored.

Session expired

The server has moved on; the page needs a fresh start.